 Dungeon Crawl Stone Soup version 0.29.0-10-g45618ea6d2 (webtiles) character file.

Game seed: 11559642969341981407

14487 sanka the Martial Artist (level 11, -30/79 HPs)
             Began as a Purple Draconian Monk on Sept 1, 2022.
             Was a Priest of Cheibriados.
             Annihilated by a minotaur
             ... wielding the +7 great mace of Nowezim {speed, rC+ Str+4 Dex+7}
              (41 damage)
             ... in a Gauntlet.
             The game lasted 00:33:31 (14342 turns).

sanka the Martial Artist (Purple Draconian Monk)   Turns: 14342, Time: 00:33:31

Health: -30/79     AC: 17    Str: 21      XL:     11   Next: 89%
Magic:  9/11       EV: 19    Int: 20 (23) God:    Cheibriados [***...]
Gold:   110        SH:  0    Dex: 22      Spells: 7/14 levels left

rFire   . . .      SeeInvis .     - Unarmed
rCold   + . .      Faith    .   (no shield)
rNeg    . . .      Spirit   .   (body armour unavailable)
rPois   .          Reflect  .   (helmet restricted)
rElec   .          Harm     .   (no cloak)
rCorr   .          Rampage  .   z - +2 pair of gloves
Will    +....      Rage     3%  D - +2 pair of boots
Stlth   ++........ NoTele   +   o - amulet of magic regeneration
HPRegen 0.23/turn               r - ring of protection from cold
MPRegen 0.52/turn               g - +4 ring of protection

@: unable to read, unable to drink, very slow
A: breathe power, AC +7, unfitting armour, cold-blooded, [berserk 1], [frail 2],
low MP 1[+2], [subdued magic 2], [inability to drink after injury 2], [inability
to read after injury 2]
a: Breathe Dispelling Energy, Renounce Religion, Bend Time, Temporal Distortion


You were in a Gauntlet.
You worshipped Cheibriados.
Cheibriados was most pleased with you.
You visited 1 branch of the dungeon, and saw 11 of its levels.
You also visited: Bailey and Gauntlet.

You collected 518 gold pieces.
You spent 408 gold pieces at shops.


Innate Abilities, Weirdness & Mutations

You can breathe bolts of dispelling energy.
Your rich purple scales are hard. (AC +7)
You cannot fit into any form of body armour.
You are cold-blooded and may be slowed by cold attacks.
[You sometimes lose your temper in combat.]
[You are very frail. (-20% HP)]
[Your magical capacity is extremely low. (-30% MP)]
[Your spells are easier to cast, but less powerful.]
[You sometimes lose the ability to drink potions when taking damage.]
[You sometimes lose the ability to read scrolls when taking damage.]


   Skills:
 - Level 10.0 Fighting
 + Level 9.0 Dodging
 - Level 1.7 Stealth
 - Level 12.0 Unarmed Combat
 + Level 2.4 Spellcasting
 * Level 3.4 Transmutations
 * Level 3.4 Air Magic
 - Level 8.0 Invocations


You had 7 spell levels left.
You knew the following spells:

 Your Spells              Type           Power      Damage    Failure   Level
y - Storm Form            Tmut/Air       5%         N/A       100%        7

Your spell library contained the following spells:

 Spells                   Type           Power      Damage    Failure   Level
 Poisonous Vapours        Pois/Air       10%        N/A       8%          2
 Blink                    Tloc           2%         N/A       16%         2
 Scorch                   Fire           2%         2d5       16%         2
 Ozocubu's Armour         Ice            1%         N/A       32%         3
 Corpse Rot               Necr/Pois/Air  4%         N/A       58%         4
 Flame Wave               Conj/Fire      1%         2d4       77%         4
 Manifold Assault         Tloc           1%         N/A       98%         5
 Metabolic Englaciation   Hex/Ice        0%         N/A       98%         5
 Simulacrum               Ice/Necr       0%         N/A       100%        6
 Summon Cactus Giant      Summ           0%         N/A       100%        6

Inventory:

Hand Weapons
 f - the +7 lajatang of Order {silver, rMut}

   It inflicts extra damage upon those it strikes, and deals substantially
   increased damage to chaotic, mutated and magically transformed beings.
   rMut:      It protects you from mutation.
 y - the +8 halberd "Lileaga" {vorpal, rC- rCorr Int+4 Dex+3}

   It inflicts extra damage upon your enemies.
   Int:       It affects your intelligence (+4).
   Dex:       It affects your dexterity (+3).
   rC:        It makes you vulnerable to cold.
   rCorr:     It protects you from acid and corrosion.
Missiles
 l - 32 javelins (quivered)
 u - 4 throwing nets {=f}
Armour
 z - a +2 pair of gloves (worn)
 D - a +2 pair of boots (worn)
 H - the +0 pair of boots of Perpetual Drought {rN+} rN: It protects you from negative energy.
Magical Staves
 a - a staff of poison
 v - a staff of air
Jewellery
 g - a +4 ring of protection (right hand)
 o - an amulet of magic regeneration (around neck)
 r - a ring of protection from cold (left hand)
 C - a ring of protection from fire
 F - a ring of wizardry
Wands
 E - a wand of charming (21)
 G - a wand of digging (6)
Scrolls
 e - 2 scrolls of amnesia
 h - 2 scrolls of enchant armour
 j - a scroll of butterflies
 m - 4 scrolls of poison {!r}
 q - 2 scrolls of immolation {!r}
 s - 5 scrolls of teleportation {@r4}
 t - 3 scrolls of vulnerability {!r}
 A - 3 scrolls of blinking
Potions
 b - 3 potions of lignification {unknown}
 c - 3 potions of haste {@q3}
 d - a potion of magic {unknown}
 i - 2 potions of degeneration {unknown}
 k - 3 potions of heal wounds {unknown}
 n - 2 potions of brilliance {unknown}
 p - 3 potions of might
 w - a potion of attraction {unknown}
 x - 3 potions of cancellation {unknown}
 B - 3 potions of mutation {!q}
 J - a potion of resistance {unknown}

Dungeon Overview and Level Annotations

Branches:
Dungeon (11/15)            Temple (0/1) D:7            Lair (0/5) D:9
    Orc (0/2) D:10         Bailey (visited)         Gauntlet (1/1)

Altars:
Cheibriados
Dithmenos
Fedhas
Gozag
Kikubaaqudgha
Makhleb
Nemelex Xobeh
Trog
Wu Jian
Xom
Zin

Shops:
D:2 :   D:5 :   D:7 (

Annotations:
D:5 2 transporters, stringoo's ghost, amateur OpDe
D:6 1 runed translucent door
D:8 1 transporter, Erica; p0werm0de's ghost, novice GrCK
D:10 1 runed translucent door, diceflayer's ghost, journeyman MiFi Gauntlet 8 transporters, 3 runed translucent doors, exclusion: lightning spire

▒8∩8▒ ▒[.}▒ ▒8.8▒
▒[.:▒ ▒▒ ▒8.8▒.8▒▒▒
▒...▒....▒ ▒
▒8H8▒..▒.▒
▒.▒..▒▒d▒▒..▒.▒
▒.............▒
▒.▒.▒▒.▒.▒▒.▒.▒
▒.▒....▒....▒.▒
▒▒▒.▒.▒▒▒▒▒▒▒.▒.▒▒▒
.................▒
▒.♣.♣.©.©.©.©.♣.♣.▒
.................▒
▒ ▒▒▒ ▒▒▒
▒▒▒▒▒▒▒▒▒▒▒▒▒▒▒▒▒
▒▒▒ ▒


You could see a minotaur (slow).


Message History

The flow of time bends around you.
Cheibriados rebukes the minotaur.
The minotaur seems to slow down.
The minotaur closely misses you. The minotaur gores you.
* * * LOW HITPOINT WARNING * * *
Unknown command.
You cannot drink potions in your current state!
Aiming: Charm
Aim: a minotaur, wielding the +7 great mace of Nowezim {speed, rC+ Str+4 Dex+7}, wearing +2 ice dragon scales and quivering silver javelins (slow, chance to affect: 1%)
Okay, then.
You hit the minotaur but do no damage.
You tail-slap the minotaur, but do no damage.
The minotaur hits you with the +7 great mace of Nowezim {speed, rC+ Str+4 Dex+7}.
* * * LOW HITPOINT WARNING * * *
The minotaur gores you but does no damage.
You closely miss the minotaur.
The minotaur furiously retaliates!
The minotaur headbutts you, but does no damage.
You tail-slap the minotaur, but do no damage.
The minotaur hits you with the +7 great mace of Nowezim {speed, rC+ Str+4 Dex+7}!
* * * LOW HITPOINT WARNING * * *
The minotaur barely misses you.
Unknown command.
You cannot read scrolls in your current state!
You hit the minotaur.
The minotaur is lightly wounded.
The minotaur hits you with the +7 great mace of Nowezim {speed, rC+ Str+4 Dex+7}!!!
Ouch! That really hurt!
You die...

Action                   |  1- 3 |  4- 6 |  7- 9 | 10-12 || total
-------------------------+-------+-------+-------+-------++-------
Melee: Unarmed           |    99 |   150 |   351 |   523 ||  1123
       Punch             |     2 |     9 |    22 |    46 ||    79
       Tailslap          |     8 |    19 |    70 |   110 ||   207
Invok: Bend Time         |       |     5 |     7 |    28 ||    40
       Temporal Distorti |       |       |     3 |     2 ||     5
       Slouch            |       |       |     4 |     5 ||     9
 Abil: Breathe Dispellin |       |       |     1 |       ||     1
  Use: Potion            |       |     1 |     6 |     4 ||    11
       Scroll            |       |       |     5 |     6 ||    11
 Stab: Sleeping          |     4 |     8 |     4 |     3 ||    19
       Distracted        |       |       |       |     1 ||     1
Armor: Skin              |    31 |    59 |   125 |   195 ||   410
Dodge: Dodged            |    58 |   100 |   329 |   621 ||  1108

Levels and vault maps discovered:
D:1:      giann_wishing_wells, layout_loops_ring, basic_ecumenical_altar,
          kennysheep_boxes
D:2:      layout_basic, serial_shops, nicolae_shop_waterfront,
          minmay_fractal_squares_5, uniq_jessica
D:3:      layout_rooms, uniq_robin
D:4:      layout_rooms, mainiacjoe_overflow_catwalk, serial_corexii_hall,
          corexii_hall_statues_l, chequers_hall_statues_wall_a,
          corexii_hall_statues_l, chequers_hall_statues_y,
          corexii_hall_statues_t, chequers_hall_statues_y
D:5:      layout_gridville, serial_shops, shop, gammafunk_ghost_mausoleum,
          nicolae_fountain_basement, uniq_ijyb
D:6:      layout_cave_pools, mainiacjoe_overflow_boulevard, serial_glass,
          glass_columns_a, glass_columns_b, lightli_church_of_beogh
D:7:      layout_loops_cross, temple_green, serial_shops,
          nicolae_shop_window_shopping
D:8:      layout_basic, mainiacjoe_overflow_surrounded_room,
          gammafunk_ghost_smash, kennysheep_generic_room_14, uniq_erica,
          uniq_pikel, uniq_joseph, uniq_grum
D:9:      nicolae_cairo_tiling, layout_basic, gammafunk_temple_overflow_wave,
          chequers_temple_overflow_minitemple, david_lair_shrubbed
D:10:     layout_basic, erik_orc_4, enter_bailey_6, ebering_ghost_xom
D:11:     layout_cave_pools, gauntlet_entry_generic
Gauntlet: minmay_gauntlet_77_tree [minmay_gauntlet_arena_77_mirror,
          minmay_gauntlet_arena_77_museum, minmay_gauntlet_arena_77_path,
          minmay_gauntlet_arena_77_two_paths,
          minmay_gauntlet_arena_77_two_lines,
          minmay_gauntlet_arena_77_shame_cube,
          minmay_gauntlet_arena_77_p_blocks,
          nicolae_gauntlet_exit_dead_adventurers]

Notes
Turn   | Place    | Note
-------+----------+-------------------------------------------
     0 | D:1      | sanka the Draconian Monk began the quest for the Orb.
     0 | D:1      | Reached XP level 1. HP: 19/19 MP: 1/1
   165 | D:1      | Found a faded altar of an unknown god.
   275 | D:1      | Reached XP level 2. HP: 26/26 MP: 2/2
   364 | D:1      | Prayed at the altar of an unknown god.
   364 | D:1      | Became a worshipper of Cheibriados the Contemplative
   364 | D:1      | Reached * piety under Cheibriados
   364 | D:1      | Reached ** piety under Cheibriados
   536 | D:1      | Reached *** piety under Cheibriados
  1033 | D:2      | Reached XP level 3. HP: 28/31 MP: 3/3
  1184 | D:2      | Found Ixzomagi's Book Shoppe.
  1353 | D:2      | Reached skill level 1 in Invocations
  1391 | D:2      | Reached skill level 4 in Unarmed Combat
  1558 | D:2      | Reached **** piety under Cheibriados
  1865 | D:2      | Noticed Jessica
  1870 | D:2      | Killed Jessica
  1871 | D:2      | Reached skill level 3 in Dodging
  1871 | D:2      | Reached XP level 4. HP: 40/40 MP: 3/5
  2138 | D:3      | Reached skill level 4 in Fighting
  2138 | D:3      | Reached skill level 2 in Invocations
  2367 | D:3      | Reached XP level 5. HP: 46/46 MP: 6/6
  2372 | D:3      | Identified the +2 robe "Nithratt" {rElec Will+ Str+3}
  2582 | D:3      | Noticed Robin
  2646 | D:3      | Killed Robin
  2651 | D:3      | Reached ***** piety under Cheibriados
  3085 | D:5      | Entered Level 5 of the Dungeon
  3090 | D:5      | Noticed an ogre
  3108 | D:5      | Noticed an ogre
  3122 | D:5      | HP: 1/47 [ogre/+0 giant club (21)]
  3124 | D:5      | Killed an ogre
  3125 | D:5      | Reached skill level 3 in Invocations
  3125 | D:5      | Reached XP level 6. HP: 2/53 MP: 4/8
  3245 | D:5      | Reached skill level 4 in Dodging
  3245 | D:5      | Reached skill level 5 in Unarmed Combat
  3262 | D:5      | Reached skill level 5 in Fighting
  3262 | D:5      | Your scales start taking on a rich purple colour.
  3262 | D:5      | Reached XP level 7. HP: 61/61 MP: 9/9
  3400 | D:5      | Noticed Ijyb
  3421 | D:5      | Killed Ijyb
  3490 | D:5      | Reached skill level 4 in Invocations
  3744 | D:4      | Reached skill level 6 in Unarmed Combat
  3877 | D:4      | Reached XP level 8. HP: 66/70 MP: 11/11
  4099 | D:4      | Found a blossoming altar of Fedhas.
  4547 | D:5      | Found Oveekhle's Book Shoppe.
  4806 | D:5      | Reached skill level 6 in Fighting
  4856 | D:5      | Found a transporter.
  4858 | D:5      | Noticed stringoo's ghost (amateur OpDe)
  4863 | D:5      | Found a transporter.
  4974 | D:6      | Reached skill level 5 in Dodging
  4985 | D:6      | Reached skill level 5 in Invocations
  5011 | D:6      | Reached skill level 7 in Unarmed Combat
  5053 | D:6      | HP: 6/71 [orc/+1 vorpal hand axe (7)]
  5069 | D:6      | Found a runed translucent door.
  5407 | D:6      | Found a burning altar of Makhleb.
  5888 | D:6      | Reached XP level 9. HP: 76/77 MP: 10/13
  6157 | D:6      | Reached skill level 7 in Fighting
  6157 | D:6      | Reached skill level 8 in Unarmed Combat
  6157 | D:6      | Reached skill level 6 in Invocations
  6238 | D:7      | Found Beehaq's Antique Weapon Emporium.
  6959 | D:7      | Reached skill level 6 in Dodging
  7161 | D:7      | Found a staircase to the Ecumenical Temple.
  7314 | D:8      | Noticed Erica
  7530 | D:8      | Noticed p0werm0de's ghost (novice GrCK)
  7531 | D:8      | Found a transporter.
  7532 | D:8      | Identified the +4 great mace "Zegionnerch" {flame, Int+6}
  7532 | D:8      | Noticed a two-headed ogre
  7534 | D:8      | Noticed Joseph
  7541 | D:8      | Reached skill level 9 in Unarmed Combat
  7553 | D:8      | Reached skill level 7 in Invocations
  7553 | D:8      | Killed Joseph
  7554 | D:8      | Reached skill level 8 in Fighting
  7554 | D:8      | Reached XP level 10. HP: 34/88 MP: 7/15
  7896 | D:8      | Found a sparkling altar of Nemelex Xobeh.
  8028 | D:8      | HP: 6/88 [poisoned by Erica (bolt of poison)]
  8362 | D:8      | Identified +0 steam dragon scales
  8448 | D:8      | Noticed Grum
  8469 | D:8      | Killed Grum
  8470 | D:8      | Reached skill level 10 in Unarmed Combat
  8478 | D:8      | Reached skill level 7 in Dodging
  8799 | D:8      | Noticed Pikel
  8822 | D:8      | Killed Pikel
  8989 | D:9      | Identified +0 acid dragon scales
  9171 | D:9      | Reached skill level 8 in Invocations
  9276 | D:9      | Reached skill level 9 in Fighting
  9287 | D:9      | Found a staircase to the Lair.
  9721 | D:9      | Paralysed by a hornet for 2 turns
  9728 | D:9      | Reached skill level 11 in Unarmed Combat
 10325 | D:9      | Found an ornate altar of the Wu Jian Council.
 10325 | D:9      | Found a glowing silver altar of Zin.
 10333 | D:9      | Found an ancient bone altar of Kikubaaqudgha.
 10335 | D:9      | Found a shimmering altar of Xom.
 10337 | D:9      | Found a shadowy altar of Dithmenos.
 10418 | D:9      | Found a bloodstained altar of Trog.
 10418 | D:9      | Found an opulent altar of Gozag.
 10673 | D:10     | Entered Level 10 of the Dungeon
 10674 | D:10     | Noticed a two-headed ogre
 10681 | D:10     | Reached XP level 11. HP: 97/97 MP: 17/17
 10694 | D:10     | Killed a two-headed ogre
 10940 | D:10     | Reached skill level 8 in Dodging
 10945 | D:10     | Found a staircase to the Orcish Mines.
 11071 | D:10     | Found a runed translucent door.
 11071 | D:10     | Found a shimmering altar of Xom.
 11071 | D:10     | Noticed diceflayer's ghost (journeyman MiFi)
 11071 | D:10     | Noticed a +2 trident of chaos
 11160 | D:10     | Found a flagged portal.
 11169 | Bailey   | Entered a bailey
 11623 | Bailey   | Identified a +0 crystal plate armour
 11889 | Bailey   | Reached skill level 12 in Unarmed Combat
 11911 | Bailey   | Reached skill level 10 in Fighting
 12724 | D:5      | Bought an Inescapable Atlas for 408 gold pieces
 12732 | D:5      | Learned a level 7 spell: Storm Form
 13277 | D:11     | Found a gate leading to a gauntlet.
 13282 | D:11     | Noticed a two-headed ogre
 13286 | D:11     | Reached skill level 1 in Transmutations
 13286 | D:11     | Reached skill level 1 in Air Magic
 13294 | D:11     | Killed a two-headed ogre
 13295 | D:11     | Reached skill level 1 in Spellcasting
 13304 | Gauntlet | Entered a Gauntlet
 13304 | Gauntlet | Found a transporter.
 13313 | Gauntlet | Found a transporter.
 13316 | Gauntlet | Found a transporter.
 13320 | Gauntlet | Noticed a wizard
 13325 | Gauntlet | Found a runed translucent door.
 13327 | Gauntlet | Found a transporter.
 13329 | Gauntlet | Found a transporter.
 13344 | Gauntlet | Found a transporter.
 13352 | Gauntlet | Noticed a dire elephant
 13353 | Gauntlet | Found a runed translucent door.
 13355 | Gauntlet | Found a transporter.
 13357 | Gauntlet | Found a runed translucent door.
 13364 | Gauntlet | Noticed a green death
 13366 | Gauntlet | Found a transporter.
 13377 | Gauntlet | Found a transporter.
 13390 | Gauntlet | Noticed a wretched star
 13392 | Gauntlet | Found a transporter.
 13405 | Gauntlet | Found a transporter.
 13405 | Gauntlet | Found a transporter.
 13449 | Gauntlet | Found a transporter.
 13467 | Gauntlet | Found a transporter.
 13479 | Gauntlet | Found the +7 lajatang of Order {silver, rMut}
 13550 | Gauntlet | Reached skill level 2 in Transmutations
 13550 | Gauntlet | Reached skill level 2 in Air Magic
 13615 | Gauntlet | Reached skill level 2 in Spellcasting
 13634 | Gauntlet | Reached skill level 9 in Dodging
 14000 | Gauntlet | HP: 6/118 [translucent stone wall collision (6)]
 14002 | Gauntlet | Killed a wretched star
 14003 | Gauntlet | Reached skill level 3 in Transmutations
 14003 | Gauntlet | Reached skill level 3 in Air Magic
 14006 | Gauntlet | Gained mutation: [Your magical capacity is extremely low.
                  | (-30% MP)] [a neqoxec]
 14015 | Gauntlet | HP: 3/79 [small abomination (4)]
 14287 | Gauntlet | Identified the +8 halberd "Lileaga" {vorpal, rC- rCorr
                  | Int+4 Dex+3}
 14295 | Gauntlet | Identified the +0 pair of boots of Perpetual Drought {rN+}
 14333 | Gauntlet | Identified the +7 great mace of Nowezim {speed, rC+ Str+4
                  | Dex+7}
 14333 | Gauntlet | Identified +2 ice dragon scales
 14333 | Gauntlet | Noticed a minotaur
 14342 | Gauntlet | Annihilated by a minotaur

Vanquished Creatures
  2 two-headed ogres
  A wretched star (Gauntlet)
  Pikel (D:8)
  A moth of wrath (Gauntlet)
  Joseph (D:8)
  An eye of devastation (Gauntlet)
  A kobold demonologist (D:9)
  A komodo dragon (D:9)
  2 hornets (D:9)
  A troll (D:11)
  A shadow (D:10)
  A vampire (D:11)
  A wraith (D:11)
  A wyvern (D:10)
  12 yaks
  Grum (D:8)
  A steam dragon (D:8)
  2 vampire mosquitoes (D:9)
  A neqoxec (Gauntlet)
  A warg (D:9)
  2 acid dragons
  2 water moccasins
  A floating eye (Gauntlet)
  12 orc warriors
  4 ice beasts
  3 ogres (D:5)
  9 wolves
  2 small abominations (Gauntlet)
  12 centaurs
  2 lemures (D:8)
  A phantom (D:5)
  5 bullfrogs
  A kobold brigand (D:7)
  2 gnoll sergeants
  5 scorpions
  13 wights
  8 killer bees (D:9)
  3 howler monkeys
  2 jellies
  4 hounds
  3 gnoll boudas
  5 orc priests
  Jessica (D:2)
  Ijyb (D:5)
  8 orc wizards
  Robin (D:3)
  22 gnolls
  3 adders
  A white imp (D:7)
  A dart slug (D:3)
  57 orcs
  12 ball pythons
  6 bats
  5 endoplasms
  2 giant cockroaches
  17 goblins
  11 hobgoblins
  6 jackals
  3 quokkas
  8 kobolds
  4 rats
304 creatures vanquished.

Vanquished Creatures (others)
  A centaur (Bailey)
  An orc wizard (D:9)
  2 orcs (Bailey)
  A demonic plant (Gauntlet)
  A fungus (Gauntlet)
  8 plants
14 creatures vanquished.

Grand Total: 318 creatures vanquished
